 Dungeon Crawl Stone Soup version 0.21.1-1-g345015f (webtiles) character file.

7 tidbits the Grave Robber (level 2, 7/19 HPs)
             Began as a Gnoll Necromancer on June 15, 2018.
             Quit the game on level 1 of the Dungeon.
             The game lasted 00:01:11 (61 turns).

tidbits the Grave Robber (Gnoll Necromancer)          Turns: 61, Time: 00:01:12

Health: 7/19       AC:  2    Str: 10    XL:     2   Next: 4%
Magic:  3/7        EV: 14    Int: 17    God:
Gold:   0          SH:  0    Dex: 15    Spells: 9/10 levels left

rFire    . . .     SeeInvis .   e - +2 short sword (venom)
rCold    . . .     Gourm    .   (no shield)
rNeg     . . .     Faith    .   a - +0 robe
rPois    .         Spirit   .   (no helmet)
rElec    .         Reflect  .   (no cloak)
rCorr    .         Harm     .   (no gloves)
MR       .....                  (no boots)
Stlth    +++.......             (no amulet)
HPRegen  0.06/turn              (no ring)
MPRegen  0.10/turn              (no ring)

@: no status effects
A: distributed training, fangs 1, strong nose
a: no special abilities


You were on level 1 of the Dungeon.
You were not hungry.

You visited 1 branch of the dungeon, and saw 2 of its levels.

Inventory:

Hand Weapons
 d - a +0 dagger
 e - a +2 short sword of venom (weapon)
   (You took it off a kobold on level 1 of the Dungeon)
Missiles
 f - 3 stones (quivered)
Armour
 a - a +0 robe (worn)
Potions
 g - a potion of haste {unknown}
Books
 b - a book of Necromancy

   Spells                             Type                      Level
   a - Pain                           Necromancy                   1
   b - Animate Skeleton               Necromancy                   1
   c - Vampiric Draining              Necromancy                   3
   d - Regeneration                   Charms/Necromancy            3
   e - Animate Dead                   Necromancy                   4
   f - Borgnjor's Vile Clutch         Necromancy/Earth             5
Comestibles
 c - a ration


   Skills:
 + Level 0.2 Fighting
 + Level 0.2 Short Blades
 + Level 0.2 Long Blades
 + Level 0.2 Axes
 + Level 0.2 Maces & Flails
 + Level 0.2 Polearms
 + Level 0.2 Staves
 + Level 0.2 Slings
 + Level 0.2 Bows
 + Level 0.2 Crossbows
 + Level 0.2 Throwing
 + Level 0.2 Armour
 + Level 4.4 Dodging
 + Level 4.0 Stealth
 + Level 0.2 Shields
 + Level 0.2 Unarmed Combat
 + Level 4.9 Spellcasting
 + Level 0.1 Conjurations
 + Level 0.1 Hexes
 + Level 0.1 Charms
 + Level 0.1 Summonings
 + Level 7.0 Necromancy
 + Level 0.1 Translocations
 + Level 0.1 Transmutations
 + Level 0.1 Fire Magic
 + Level 0.1 Ice Magic
 + Level 0.1 Air Magic
 + Level 0.1 Earth Magic
 + Level 0.1 Poison Magic
 + Level 0.3 Invocations
 + Level 0.2 Evocations


You had 9 spell levels left.
You knew the following spells:

 Your Spells              Type           Power        Failure   Level  Hunger
a - Pain                  Necr           ####         1%          1    None


Dungeon Overview and Level Annotations

Branches:
Dungeon (2/15)

Altars:
Nemelex Xobeh


Innate Abilities, Weirdness & Mutations

Your experience applies equally to all skills.
You have very sharp teeth.
Your uncanny sense of smell can sniff out nearby items.


Message History

Confirm with . or Enter, or press ? or * to list all spells.
Aiming: Pain
Press: ? - help, Shift-Dir - straight line, f/p - jackal
Aim: a jackal (chance to defeat MR: 93%)
The jackal writhes in agony!
You kill the jackal!
Casting: Pain
Confirm with . or Enter, or press ? or * to list all spells.
Aiming: Pain
Press: ? - help, Shift-Dir - straight line, f - giant cockroach
Aim: a giant cockroach (chance to defeat MR: 93%)
The giant cockroach writhes in agony!
You kill the giant cockroach!
You open the gate.
There is an open gate here.
Found a sparkling altar of Nemelex Xobeh.
A frilled lizard comes into view.
There is an open gate here.
Casting: Pain
Confirm with . or Enter, or press ? or * to list all spells.
Aiming: Pain
Press: ? - help, Shift-Dir - straight line, f - frilled lizard
Aim: a frilled lizard (chance to defeat MR: 93%)
The frilled lizard writhes in agony!
You kill the frilled lizard!
There is a stone staircase leading down here.
You climb downwards. 2 gnolls come into view.
There is a stone staircase leading up here.
A jackal comes into view.
The gnoll shouts!
You hear a shout!
There is a stone staircase leading up here.
You climb upwards.
There is a stone staircase leading down here.
Unknown command.
Found a scroll labeled KYUNOSSUNT.
Unknown command.
Found a stone staircase leading down.
Casting: Pain
Confirm with . or Enter, or press ? or * to list all spells.
Aiming: Pain
Press: ? - help, Shift-Dir - straight line, f - kobold
Aim: a kobold, wielding a short sword of venom (hasn't noticed you, chance to defeat MR: 93%)
The kobold shouts!
The kobold writhes in agony!
You kill the kobold!
You have reached level 2!
You hear a bark!
You hear a shout!
You hear a bark!
A bat comes into view.
A jackal comes into view.
The bat moves out of view.
You see here a frilled lizard corpse. 2 jackals and a kobold come into view.
The jackal barks!
You hear a bark!
You hear a shout!
You hear a bark!
A bat comes into view.
Found 16 gold pieces.
Items here: ! ( ) † a short sword of venom; 3 stones; a coppery potion; a kobold corpse Unknown command.
Unknown command.
e - a short sword of venom;
f - 3 stones;
g - a coppery potion The jackal barely misses you.
Wield which item (- for none, * to show all)? (? for menu, Esc to quit)
Your +2 short sword of venom begins to drip with poison!
e - a +2 short sword of venom (weapon)
Unknown command.
Okay, then.
Unknown command.
A frilled lizard and a jackal come into view.
The jackal moves out of view.
The jackal barely misses you. The kobold hits you with a short sword.
* * * LOW HITPOINT WARNING * * *
The bat closely misses you. The bat hits you.
* * * LOW HITPOINT WARNING * * *
Unknown command.
The frilled lizard hisses angrily.
The bat closely misses you. The kobold barely misses you.
Unknown command.
The bat hits you but does no damage.
Unknown command.
A jackal comes into view.
The jackal barks! x2
The bat barely misses you.
A kobold comes into view.
The kobold shouts!
You hear a shout!
The bat hits you.
* * * LOW HITPOINT WARNING * * *
Found a robe.
A jackal comes into view.
The bat closely misses you. The jackal completely misses you.
The jackal misses you.
Unknown command.
A bat comes into view.
Okay, then.
The bat moves out of view.
Unknown command.
The bat barely misses you.
Unknown command.
Are you sure you want to abandon this character and quit the game? (Confirm with "yes".)

.#≈♣8♣P8P≈#...#.......#
.##.♣..P≈##......†....#
......<≈≈.............#
###.P..P≈##...?...#.###
.#≈P8PP8P≈#.........#
.##≈P≈≈P≈##.........####
..##≈##≈##.............####
.r.### ##........bh........
... .......$@##K.......
.........lhh..K....
.....##...h...#h...
.............# ...
...###.......# K. #.......#
. #[......# #.......#
#########


You could see 5 jackals, a bat, a kobold and a frilled lizard.

Vanquished Creatures
  A giant cockroach (D:1)
  A goblin (D:1)
  2 jackals (D:1)
  A kobold (D:1)
  A frilled lizard (D:1)
6 creatures vanquished.

Notes
Turn   | Place    | Note
-------+----------+-------------------------------------------
     0 | D:1      | tidbits the Gnoll Necromancer began the quest for the Orb.
     0 | D:1      | Reached XP level 1. HP: 13/13 MP: 6/6
    31 | D:1      | Found a sparkling altar of Nemelex Xobeh.
    44 | D:1      | Reached XP level 2. HP: 12/19 MP: 2/7
    61 | D:1      | Quit the game

Action                   || total
-------------------------++-------
 Cast: Pain              ||     7
Armor: Robe              ||     1
Dodge: Dodged            ||    10

Table legend:
 A = Turns spent in this place as a percentage of turns spent in the entire game.
 B = Non-inter-level travel turns spent in this place as a percentage of non-inter-level travel turns spent in the entire game.
 C = Inter-level travel turns spent in this place as a percentage of turns spent in this place.
 D = Turns resting spent in this place as a percentage of non-inter-level travel turns spent in this place.
 E = Turns spent auto-exploring this place as a percentage of non-inter-level travel turns spent in this place.
 F = Non-inter-level travel turns spent in this place divided by the number of levels of this place that you've seen.
                   A       B       C       D       E      F
               +-------+-------+-------+-------+-------+----------------------
         Total | 100.0 | 100.0 |   0.0 |   0.0 |   0.0 |  30.5
       Dungeon | 100.0 | 100.0 |   0.0 |   0.0 |   0.0 |  30.5
               +-------+-------+-------+-------+-------+----------------------

Table legend:
 A = Kills in this place as a percentage of kills in entire the game.
 B = Kills by you in this place as a percentage of kills by you in the entire game.
 C = Kills by friends in this place as a percentage of kills by friends in the entire game.
 D = Other kills in this place as a percentage of other kills in the entire game.
 E = Experience gained in this place as a percentage of experience gained in the entire game.
 F = Experience gained in this place divided by the number of levels of this place that you have seen.
                   A       B       C       D       E      F
               +-------+-------+-------+-------+-------+----------------------
         Total | 100.0 | 100.0 |   N/A |   N/A | 100.0 |   5.5
       Dungeon | 100.0 | 100.0 |   N/A |   N/A | 100.0 |   5.5
               +-------+-------+-------+-------+-------+----------------------

Vault maps used:
D:1:      ldierk_walled_garden_2, nemelex_altar_shiori
D:2:      elyvilon_altar_3, ashenzari_conservatory_becter,
          nicolae_overflow_hidden_temple
